 Dungeon Crawl Stone Soup version 5.2-56-g927a965 (webtiles) character file.

319 StephanieSnake the Magician (level 7, -5/53 HPs)
             Began as a Demonspawn Skald on Dec 18, 2017.
             Was a Believer of Jiyva.
             Slain by an orc
             ... wielding a +0 mace
              (7 damage)
             ... on level 5 of the Dungeon.
             The game lasted 00:07:25 (4242 turns).

StephanieSnake the Magician (Demonspawn Skald)      Turns: 4242, Time: 00:07:26

Health: -5/53      AC: 13 (14%)Str: 12    XL:     7   Next: 73%
Magic:  8/8        EV: 11    Int: 13      God:    Jiyva [2*[57]]
Gold:   164        SH:  8    Dex: 19 (20) Spells: 11/14 levels left

rFire    . . .     SeeInvis .   q - +2 flail (protect)
rCold    . . .     Faith    .   c - +0 shield
rNeg     . . .     Spirit   .   b - +0 leather armour
rPois    .         Reflect  .   p - +0 helmet
rElec    .                      (no cloak)
rCorr    +                      (no gloves)
MR       .....                  i - +0 pair of boots
Stlth    +.........             (no amulet)
Regen    0.2/turn               h - +5 ring of dexterity
MPRegen  0.2/turn               (no ring)

@: very slightly contaminated
A: hooves 1, slimy green scales 2, foul stench 1, powered by pain 1
a: Stop Singing, Renounce Religion


You were on level 5 of the Dungeon.
You worshipped Jiyva.
Jiyva was pleased with you.
You were not hungry.

You visited 1 branch of the dungeon, and saw 5 of its levels.
You also visited: Ossuary.

You collected 164 gold pieces.

Inventory:

Hand Weapons
 a - a +0 rapier
 o - a +2 antimagic spear
 q - a +2 flail of protection (weapon)
Missiles
 d - 1203 stones (quivered)
 f - 64 bolts
 g - 212 arrows
 j - 15 curare darts
Armour
 b - a +0 leather armour (worn)
 c - a +0 shield (worn)
 i - a +0 pair of boots (worn)
 p - a +0 helmet (worn)
 s - a +0 chain mail
Jewellery
 h - a +5 ring of dexterity (left hand)
Scrolls
 e - 4 scrolls of magic mapping
 k - a scroll of enchant weapon
 m - a scroll of enchant armour
Potions
 n - a potion of mutation
 r - a potion of flight
 t - a potion of curing


   Skills:
 + Level 3.8 Fighting
 - Level 2.2 Blades
 + Level 2.0 Maces & Staves
 + Level 2.4 Armour
 + Level 2.9 Dodging
 + Level 2.5 Shields
 * Level 4.4 Spellcasting
 + Level 3.9 Charms


You had 11 spell levels left.
You knew the following spells:

 Your Spells              Type           Power        Failure   Level  Hunger
a - Infusion              Chrm           13 (25)      26%         1    N/A
b - Song of Slaying       Chrm           13 (100)     36%         2    N/A

Dungeon Overview and Level Annotations

Branches:
Dungeon (5/15)

Altars:
Elyvilon
Jiyva
Nemelex Xobeh
Okawaru
Qazlal
Ru
Trog
Yredelemnul


Innate Abilities, Weirdness & Mutations

You have large cloven feet.
You are mostly covered in slimy green scales. (AC +3)
You may emit foul miasma when damaged in melee.
You sometimes gain a little power by taking damage.


Message History

You hit the orc wizard (6).
The orc wizard is heavily wounded.
The orc wizard hits you but does no damage. x2
The orc wizard barely misses you.
Okay, then.
You hit the orc wizard (3).
The orc wizard is severely wounded.
The orc wizard closely misses you.
The orc wizard hits you but does no damage.
The orc wizard misses you.
The orc wizard hits you with a +0 dagger (3).
* * * LOW HITPOINT WARNING * * *
You sock the orc wizard (12)!
You kill the orc wizard!
The orc wizard hits you but does no damage.
The orc wizard looks sick.
You hit the orc wizard (5).
The orc wizard is severely wounded.
You block the orc wizard's attack. The orc hits you with a +0 mace (7)!
You die...

#... .... ##... ....#
... ....# ..# #.. ....
#.#.##.####.#
#...........#
##.###.#§§§.####### #..
#.#§o)........
#.##)#[o@.######
#####..#o#.......#
.......o.#####...#### .
.....#.#o#
#.......###... ...
#.#.# #............. .
#...# #.............
#.... #...........##
....>.. #.............
..#.....######.......##


You could see an orc wizard and an orc.

Vanquished Creatures
  Menkaure (Ossuary)
  An ogre (D:4)
  A crimson imp (D:5)
  A scorpion (D:3)
  2 quasits (D:4)
  An orc priest (D:5)
  5 orc wizards
  2 centaur skeletons (D:4)
  A worker ant (D:3)
  A hound skeleton (D:4)
  3 mummies (Ossuary)
  8 adders
  5 dart slugs
  9 orcs
  4 quokkas
  9 bats
  3 giant cockroaches
  8 gnoll zombies (Ossuary)
  10 goblins
  7 hobgoblins
  7 jackals
  3 kobolds (D:2)
  A ball python (D:1)
  4 frilled lizards
  2 gnoll skeletons (Ossuary)
  4 goblin skeletons (Ossuary)
  A goblin zombie (D:4)
  6 hobgoblin skeletons (Ossuary)
  7 hobgoblin zombies (Ossuary)
  7 kobold skeletons (Ossuary)
  3 kobold zombies (Ossuary)
  4 orc skeletons (Ossuary)
  3 orc zombies (Ossuary)
  A quokka skeleton (D:4)
  A quokka zombie (D:5)
  8 rats
  2 rat skeletons (Ossuary)
  5 rat zombies
  A spectral orc (D:4)
152 creatures vanquished.

Notes
Turn   | Place    | Note
-------+----------+-------------------------------------------
     0 | D:1      | StephanieSnake the Demonspawn Skald began the quest for the Orb.
     0 | D:1      | Reached XP level 1. HP: 16/16 MP: 3/3
    62 | D:1      | Reached skill level 1 in Armour
    98 | D:1      | Reached skill level 1 in Dodging
   115 | D:1      | Gained mutation: You have large cloven feet. [demonic ancestry]
   115 | D:1      | Reached XP level 2. HP: 19/22 MP: 5/5
   773 | D:1      | Gained mutation: You sometimes gain a little power by taking damage. [demonic ancestry]
   773 | D:1      | Reached XP level 3. HP: 28/28 MP: 6/6
   819 | D:2      | Found a sparkling altar of Nemelex Xobeh.
   819 | D:2      | Found an iron altar of Okawaru.
   820 | D:2      | Found a white marble altar of Elyvilon.
   835 | D:2      | Found a faded altar of an unknown god.
  1195 | D:2      | Found a viscous altar of Jiyva.
  1205 | D:2      | Gained mutation: You are partially covered in slimy green scales. (AC +2) [demonic ancestry]
  1205 | D:2      | Reached XP level 4. HP: 31/34 MP: 7/7
  1207 | D:2      | Became a worshipper of Jiyva Jiepaeng the Shapeless
  1239 | D:2      | Reached skill level 1 in Shields
  1794 | D:3      | Found a stormy altar of Qazlal.
  1989 | D:3      | Gained mutation: You may emit foul miasma when damaged in melee. [demonic ancestry]
  1989 | D:3      | Reached XP level 5. HP: 26/40 MP: 9/9
  2161 | D:3      | Reached skill level 3 in Spellcasting
  2405 | D:3      | Reached * piety under Jiyva
  2629 | D:4      | Found a sacrificial altar of Ru.
  2670 | D:4      | Reached skill level 1 in Maces & Staves
  2678 | D:4      | Noticed an ogre
  2683 | D:4      | Killed an ogre
  2683 | D:4      | Gained mutation: You are mostly covered in slimy green scales. (AC +3) [demonic ancestry]
  2683 | D:4      | Reached XP level 6. HP: 32/47 MP: 9/11
  2797 | D:4      | Found a sand-covered staircase.
  2834 | Ossuary  | Entered an ossuary
  3140 | Ossuary  | Noticed Menkaure
  3162 | Ossuary  | Killed Menkaure
  3162 | Ossuary  | Reached XP level 7. HP: 9/52 MP: 12/12
  3448 | D:4      | Reached skill level 4 in Spellcasting
  3466 | D:4      | Learned a level 2 spell: Song of Slaying
  3489 | D:4      | Found a basalt altar of Yredelemnul.
  3539 | D:4      | Found a bloodstained altar of Trog.
  3803 | D:4      | Reached ** piety under Jiyva
  4136 | D:5      | Entered Level 5 of the Dungeon
  4240 | D:5      | HP: 2/53 [orc wizard/+0 dagger (3)]
  4242 | D:5      | Slain by an orc

Skill      XL: |  1  2  3  4  5  6  7 |
---------------+----------------------+-----
Armour         | 1 2 |  2.4
Dodging        | 1 2 |  2.9
Blades         | 2 |  2.2
Shields        | 1 2 |  2.5
Charms         | 3 |  3.9
Spellcasting   | 3 4 |  4.4
Fighting       | 3 |  3.8
Maces & Staves | 1 2 |  2.0

Action                   |  1- 3 |  4- 6 |  7- 9 || total
-------------------------+-------+-------+-------++-------
Melee: Rapier            |   134 |    53 |       ||   187
       Flail             |       |   268 |   111 ||   379
 Cast: Song of Slaying   |       |       |     1 ||     1
  Use: Potion            |       |     1 |       ||     1
       Scroll            |       |       |     2 ||     2
 Stab: Sleeping          |     1 |     5 |       ||     6
       Distracted        |     1 |       |       ||     1
Armor: Leather armour    |    62 |   136 |    89 ||   287
Dodge: Dodged            |    71 |   152 |    77 ||   300
Block: Shield            |    58 |   130 |    57 ||   245
